 Dungeon Crawl Stone Soup version 0.29.1-1-gd02db6906a (webtiles) character file.

Game seed: 7367185414814267744

189 Ashen the Chiller (level 5, 0/37 HPs)
             Began as a Demonspawn Ice Elementalist on Oct 10, 2022.
             Was an Initiate of Vehumet.
             Succumbed to an orc priest's poison
             ... on level 4 of the Dungeon.
             The game lasted 00:07:52 (2871 turns).

Ashen the Chiller (Demonspawn Ice Elementalist)     Turns: 2871, Time: 00:07:53

Health: 0/37       AC:  7    Str:  9    XL:     5   Next: 40%
Magic:  2/9        EV: 13    Int: 18    God:    Vehumet [......]
Gold:   141        SH:  0    Dex: 19    Spells: 6/10 levels left

rFire   . . .      SeeInvis .   n - +0 whip (flame)
rCold   . . .      Faith    .   (no shield)
rNeg    . . .      Spirit   .   a - +0 robe
rPois   .          Reflect  .   (no helmet)
rElec   .          Harm     .   (no cloak)
rCorr   .          Rampage  .   (no gloves)
Will    .....                   (no boots)
Stlth   ++........              (no amulet)
HPRegen 0.12/turn               h - +4 ring of protection
MPRegen 0.11/turn               o - +6 ring of dexterity

@: lethally poisoned (0 -> -10), flying
A: spiny 1, sharp scales 1
a: Renounce Religion


You were on level 4 of the Dungeon.
You worshipped Vehumet.
Vehumet was noncommittal.
You visited 1 branch of the dungeon, and saw 4 of its levels.

You collected 141 gold pieces.

Inventory:

Hand Weapons
 n - a +0 whip of flaming (weapon)
 q - a +1 flail of protection
Armour
 a - a +0 robe (worn)
Magical Staves
 p - a staff of air
Jewellery
 h - a +4 ring of protection (left hand)
 o - a +6 ring of dexterity (right hand)
Scrolls
 c - 2 scrolls of identify {unknown}
 g - a scroll of noise {unknown}
 i - a scroll of silence {unknown}
 j - a scroll of fear {unknown}
 r - a scroll of summoning {unknown}
 s - a scroll of torment {unknown}
 t - a scroll of enchant armour {unknown}
Potions
 b - 2 potions of magic
 d - a potion of attraction {unknown}
 e - a potion of flight
 f - a potion of brilliance {unknown}
 k - a potion of curing {unknown}
 l - a potion of mutation {unknown}
 m - a potion of might {unknown}


   Skills:
 + Level 1.6 Fighting
 + Level 2.5 Dodging
 + Level 2.5 Stealth
 * Level 3.3 Spellcasting
 * Level 4.4 Ice Magic


You had 6 spell levels left.
You knew the following spells:

 Your Spells              Type           Power      Damage    Failure   Level
a - Freeze                Ice            76%        1d9       2%          1
b - Frozen Ramparts       Ice            38%        1d6       8%          3

Your spell library contained the following spells:

 Spells                   Type           Power      Damage    Failure   Level
 Ozocubu's Armour         Ice            19%        N/A       8%          3
 Slow                     Hex            8%         N/A       16%         1
 Confusing Touch          Hex            2%         N/A       43%         3
 Vampiric Draining        Necr           2%         2d6       43%         3
 Hailstorm                Conj/Ice       11%        3d5       54%         4


Dungeon Overview and Level Annotations

Branches:
Dungeon (4/15)
 Temple: D:4-7

Altars:
Vehumet

Shops:
D:1 :

Annotations:
D:3 exclusion: statue


Innate Abilities, Weirdness & Mutations

You are partially covered in sharp spines.
You are partially covered in razor-sharp scales. (AC +1, Slay +1)


Message History

The orc priest invokes the aid of Beogh against you.
Beogh smites you!
The wall freezes something.
Something hits you but does no damage.
Unknown command.
You hit something. You burn something. Vehumet accepts your kill.
Reactivating autopickup.
You feel a bit more experienced.
The wall freezes the hobgoblin.
The wall freezes the orc priest.
You hit the hobgoblin. You burn the hobgoblin.
You kill the hobgoblin!
Vehumet accepts your kill.
The wall freezes the orc priest but does no damage.
The orc priest casts a cantrip, but nothing happens.
You swing at nothing.
The frozen ramparts melt away.
The orc priest barely misses you.
Casting: Frozen Ramparts (dangerous; 8% risk of failure)
Confirm with . or Enter, or press ? or * to list all spells.
Aiming: Freeze (safe; 2% risk of failure)
Press: ? - help, Shift-Dir - straight line, f - orc priest
Aim: an orc priest, wielding a +2 dagger of venom and wearing a +0 ring mail (moderately wounded)
You freeze the orc priest.
The orc priest is heavily wounded.
The orc priest hits you with a +2 dagger of venom.
You are poisoned.
Casting: Freeze (safe; 2% risk of failure)
Confirm with . or Enter, or press ? or * to list all spells.
Aiming: Freeze (safe; 2% risk of failure)
Press: ? - help, Shift-Dir - straight line, f/p - orc priest
Aim: an orc priest, wielding a +2 dagger of venom and wearing a +0 ring mail (heavily wounded)
You freeze the orc priest!
The orc priest is almost dead.
You feel very sick.
The orc priest calls down the wrath of Beogh upon you.
Beogh smites you!
* * * LOW HITPOINT WARNING * * *
It was a potion of flight.
You feel very buoyant.
You fly up into the air.
You die...

.. #.....
...#....##.##
..#....##... .
.......... ..
#........ ...
#...##.# ..#
#...##.##...##
..##.†<##........
........@o).......
..########........
#.[......
#.##..... #.#
..... #.. .... .#.
... . . #..


You could see an orc priest.

Vanquished Creatures
  An orc priest (D:4)
  An iguana (D:4)
  An orc wizard (D:4)
  2 adders
  2 worms (D:2)
  2 orcs
  7 endoplasms
  3 giant cockroaches
  8 goblins
  5 hobgoblins
  2 jackals (D:1)
  8 quokkas
  5 ball pythons
  2 bats
  5 frilled lizards
  13 kobolds
  14 rats
81 creatures vanquished.

Vanquished Creatures (others)
  7 plants (D:2)
7 creatures vanquished.

Grand Total: 88 creatures vanquished

Notes
Turn   | Place    | Note
-------+----------+-------------------------------------------
     0 | D:1      | Ashen the Demonspawn Ice Elementalist began the quest for
                  | the Orb.
     0 | D:1      | Reached XP level 1. HP: 13/13 MP: 3/3
   183 | D:1      | Gained mutation: You are partially covered in razor-sharp
                  | scales. (AC +1, Slay +1) [demonic ancestry]
   183 | D:1      | Reached XP level 2. HP: 14/20 MP: 0/5
   289 | D:1      | Found Atureir's Vocational Training.
   573 | D:1      | Noticed a shining eye
   575 | D:1      | Found a faded altar of an unknown god.
   577 | D:1      | Noticed a floating eye
   577 | D:1      | Noticed a shining eye
   577 | D:1      | Noticed a great orb of eyes
  1009 | D:2      | Gained mutation: You are partially covered in sharp spines.
                  | [demonic ancestry]
  1009 | D:2      | Reached XP level 3. HP: 24/25 MP: 6/6
  1164 | D:2      | Reached skill level 4 in Ice Magic
  1270 | D:2      | Learned a level 3 spell: Frozen Ramparts
  2093 | D:3      | Reached skill level 1 in Fighting
  2122 | D:3      | Reached XP level 4. HP: 29/32 MP: 8/8
  2554 | D:3      | Found a radiant altar of Vehumet.
  2554 | D:3      | Noticed a charred statue
  2560 | D:3      | Became a worshipper of Vehumet
  2865 | D:4      | Reached XP level 5. HP: 37/37 MP: 4/9
  2871 | D:4      | Succumbed to an orc priest's poison

Illustrated notes

Levels and vault maps discovered:
D:1:      lemuel_arrival_room, layout_basic,
          hellmonk_ecumenical_altar_watching_god, nicolae_shop_vocational
D:2:      layout_loops_cross, lexackson_kobold_supper
D:3:      layout_basic, vehumet_statue, minmay_misc_feat_diagonals,
          nrook_loot_triangle, hex_large
D:4:      cheibrodos_thug_alley, layout_basic, mainiacjoe_overflow_paths,
          mainiacjoe_overflow_large_starburst, serial_shops,
          nicolae_shop_competitors_out_of_business

Skill      XL: |  1  2  3  4 |
---------------+-------------+-----
Dodging        | 2 |  2.5
Stealth        | 2 |  2.5
Ice Magic      | 4 |  4.4
Fighting       | 1 |  1.6
Spellcasting   | 3 |  3.3

Action                   |  1- 3 |  4- 6 || total
-------------------------+-------+-------++-------
Melee: Whip              |    64 |    24 ||    88
       Punch             |       |     1 ||     1
 Cast: Freeze            |    39 |    12 ||    51
       Frozen Ramparts   |     1 |     1 ||     2
  Use: Potion            |       |     1 ||     1
 Stab: Sleeping          |     7 |     2 ||     9
Armor: Robe              |    19 |     8 ||    27
Dodge: Dodged            |    43 |    24 ||    67
